 Dungeon Crawl Stone Soup version 0.27-a0-416-gca2cecf3c0 (webtiles) character file.

Game seed: 16686793374913481093

44 dickylongcocking the Chucker (level 3, -2/54 HPs)
             Began as an Ogre Arcane Marksman on Feb 25, 2021.
             Slain by a kobold
             ... wielding a +0 whip
              (3 damage)
             ... on level 2 of the Dungeon.
             The game lasted 00:01:07 (2024 turns).

dickylongcocking the Chucker (Ogre Arcane Marksman) Turns: 2024, Time: 00:01:08

Health: -2/54      AC:  3    Str: 14    XL:     3   Next: 60%
Magic:  4/4        EV: 10    Int: 14    God:
Gold:   38         SH:  0    Dex: 10    Spells: 3/4 levels left

rFire    . . .     SeeInvis .   b - +0 club
rCold    . . .     Faith    .   (no shield)
rNeg     . . .     Spirit   .   a - +0 robe
rPois    .         Reflect  .   (helmet restricted)
rElec    .         Harm     .   (no cloak)
rCorr    .         Rampage  .   (gloves unavailable)
Will     .....                  (boots unavailable)
Stlth    ..........             (no amulet)
HPRegen  0.18/turn              (no ring)
MPRegen  0.09/turn              (no ring)

@: berserking, lethally poisoned (-2 -> -9), very quick
A: large, unfitting armour, tough skin 1
a: no special abilities


You were on level 2 of the Dungeon.
You visited 1 branch of the dungeon, and saw 2 of its levels.

You collected 38 gold pieces.

Inventory:

Hand Weapons
 b - a +0 club (weapon)
Missiles
 c - 2 large rocks (quivered)
Armour
 a - a +0 robe (worn)
Scrolls
 g - 2 scrolls of identify {unknown}
 i - a scroll of blinking {unknown}
 j - a scroll of teleportation {unknown}
 k - a scroll of enchant armour {unknown}
Potions
 e - a potion of invisibility {unknown}
 f - a potion of berserk rage
 h - a potion of heal wounds {unknown}


   Skills:
 * Level 2.7 Fighting
 * Level 3.3 Throwing
 - Level 1.7 Dodging
 - Level 1.2 Spellcasting
 - Level 2.6 Hexes


You had 3 spell levels left.
You knew the following spells:

 Your Spells              Type           Power        Failure   Level
a - Corona                Hex            8%           9%          1

Your spell library contained the following spells:

 Spells                   Type           Power        Failure   Level
 Slow                     Hex            8%           13%         2
 Inner Flame              Hex/Fire       4%           41%         3
 Portal Projectile        Hex/Tloc       8%           41%         3
 Cause Fear               Hex            4%           65%         4
 Leda's Liquefaction      Hex/Erth       2%           83%         4


Dungeon Overview and Level Annotations

Branches:
Dungeon (2/15)

Altars:


Innate Abilities, Weirdness & Mutations

You are too large for most types of armour.
You have tough skin. (AC +1)


Message History

You are more poisoned.
The adder poisons you! The kobold hits you but does no damage.
Unknown command.
Throw: 4 large rocks
Press: ? - help, Q - select action, (/) - cycle Shift-Dir - straight line, f/p - adder
Aim: an adder (lightly wounded, 38% to hit)
You throw a large rock. The large rock barely misses the adder.
You feel sick. The kobold hits you with a +0 whip.
The adder bites you but does no damage. The kobold closely misses you. x2
The adder bites you.
Unknown command.
Throw: 3 large rocks
Press: ? - help, Q - select action, (/) - cycle Shift-Dir - straight line, f/p - adder
Aim: an adder (lightly wounded, 38% to hit)
You throw a large rock.
The large rock closely misses the adder.
You feel sick. The adder bites you.
* * * LOW HITPOINT WARNING * * *
You are lethally poisoned!
The adder poisons you! The kobold barely misses you.
The kobold closely misses you. The adder bites you.
* * * LOW HITPOINT WARNING * * *
The kobold hits you with a +0 dagger.
* * * LOW HITPOINT WARNING * * *
The kobold hits you with a +0 whip.
* * * LOW HITPOINT WARNING * * *
It was a potion of berserk rage.
A red film seems to cover your vision as you go berserk!
You feel yourself moving faster!
You feel mighty!
* * * LOW HITPOINT WARNING * * *
You feel sick. The adder bites you.
* * * LOW HITPOINT WARNING * * *
The kobold misses you. x2; The adder closely misses you.
Unknown command.
You sock the adder!
You kill the adder!
* * * LOW HITPOINT WARNING * * *
You feel sick. The kobold closely misses you.
The kobold hits you with a +0 whip.
You die...

.............###.####.#
.#.....................#
..<...........###.######
..........#.....#.#
.......#....#.#...#
............#.#####
............#.#
......K.....#.#
(.....†@..).#.#
......K.....#.#
...?........#.#
...###+####.#.### ..
.#...# # .###.# #.# #.#
#.#


You could see 2 kobolds.

Vanquished Creatures
  An adder (D:2)
  2 oozes (D:1)
  A dart slug (D:1)
  A leopard gecko (D:1)
  5 giant cockroaches
  6 goblins
  4 hobgoblins (D:1)
  2 kobolds (D:1)
  4 bats (D:1)
  A frilled lizard (D:1)
  6 rats (D:1)
33 creatures vanquished.

Notes
Turn   | Place    | Note
-------+----------+-------------------------------------------
     0 | D:1      | dickylongcocking the Ogre Arcane Marksman began the quest
                  | for the Orb.
     0 | D:1      | Reached XP level 1. HP: 19/19 MP: 2/2
   360 | D:1      | Reached XP level 2. HP: 21/27 MP: 3/3
   756 | D:1      | Reached skill level 3 in Throwing
  1051 | D:1      | Reached XP level 3. HP: 32/35 MP: 4/4
  2023 | D:2      | HP: 1/54 [adder (3)]
  2024 | D:2      | Slain by a kobold

Illustrated notes

Levels and vault maps discovered:
D:1:      dpeg_arrival_boxes_within_box, layout_basic, minmay_pentomino_r2
D:2:      layout_basic

Skill      XL: |  1  2 |
---------------+-------+-----
Throwing       | 3 |  3.3
Fighting       | 2 |  2.7
Dodging        | |  1.7
Spellcasting   | |  1.2
Hexes          | |  2.6

Action                   || total
-------------------------++-------
Melee: Club              ||   142
       Unarmed           ||     2
Throw: Large rock        ||     6
       Throwing net      ||     2
  Use: Potion            ||     1
 Stab: Held in net/web   ||     1
Armor: Robe              ||    58
Dodge: Dodged            ||   123

Table legend: (Time is in decaauts)
 A = Elapsed time spent in this place.
 B = Non-inter-level travel time spent in this place.
 C = Inter-level travel time spent in this place.
 D = Time resting spent in this place.
 E = Time spent auto-exploring this place.
 F = Levels seen in this place.
 G = Mean time per level.
                   A        B        C        D        E       F      G
               +--------+--------+--------+--------+--------+-----+--------+
         Total |   2070 |   2016 |     54 |      0 |   1704 |   2 | 1035.0 |
       Dungeon |   2070 |   2016 |     54 |      0 |   1704 |   2 | 1035.0 |
               +--------+--------+--------+--------+--------+-----+--------+

Top non-repeatable levels by time:
     D:1: 1955 daAuts
     D:2: 115 daAuts
